Hurricanes vs Predators

Created - October 13 2007 at 12:49

Goals
1 2 3 T
Hurricanes 0 1 2 3
Predators 0 0 1 1
Shots
1 2 3 T
Hurricanes 9 12 18 39
Predators 6 6 8 20

Period #1

No Goal

Penalities :
Paul Kariya (NSH) for Hooking (Minor) at 0:41, Alexandre Burrows (NSH) for Tripping (Minor) at 2:23, Zbynek Michalek (NSH) for Tripping (Minor) at 4:38, David Legwand (NSH) for Hooking (Minor) at 7:33, Alexandre Burrows (NSH) for High sticking (Minor) at 8:07, Shea Weber (NSH) for Hooking (Minor) at 12:55, Marek Zidlicky (NSH) for Interference (Minor) at 13:14, Ladislav Nagy (CAR) for Holding (Minor) at 14:02, Marek Zidlicky (NSH) for Hooking (Minor) at 18:54

Period #2

1. Hurricanes , Mattias Ohlund 1 (Ray Whitney, Brent Sopel) at 17:17

Penalities :
Mattias Ohlund (CAR) for Hooking (Minor) at 8:37, Eric Belanger (CAR) for High sticking (Minor) at 10:32, Martin Erat (NSH) for Hooking (Minor) at 18:20, Aaron Ward (CAR) for Tripping (Minor) at 18:20

Period #3

2. Hurricanes , Brent Sopel 2 (Ray Whitney, Mikko Koivu) at 12:03 (PP)
3. Predators , Paul Kariya 3 (David Legwand, Derek Morris) at 12:23
4. Hurricanes , Mattias Ohlund 2 (Eric Staal, Sergei Gonchar) at 15:57 (PP)

Penalities :
Tomas Kaberle (NSH) for Tripping (Minor) at 10:14, Jeff Carter (NSH) for Holding (Minor) at 12:56, Scott Hartnell (NSH) for Roughing (Minor) at 15:29

Goalie Stats

Cam Ward (CAR), 19 saves from 20 shots - (0.950), W, 3-2-0, 60:00 minutes
Chris Mason (NSH), 36 saves from 39 shots - (0.923), L, 0-2-0, 60:00 minutes

Players Stats

Hurricanes
Player Name              G  A  P  +/- PIM S  H  SB FO MP 
-----------------------------------------------------------
Aaron Miller             0  0  0   0  0   0  0  0  0  14 
Aaron Ward               0  0  0  -1  2   0  2  0  0  19 
Brendan Morrison         0  0  0   0  0   3  1  0  15 15 
Brent Sopel              1  1  2   1  0   2  2  0  0  22 
Chris Gratton            0  0  0   0  0   2  1  0  1  14 
Cory Stillman            0  0  0   0  0   2  1  0  1  7  
Eric Belanger            0  0  0   0  2   1  0  0  5  9  
Eric Staal               0  1  1   0  0   3  1  1  24 21 
Erik Cole                0  0  0   1  0   1  0  0  3  20 
Ladislav Nagy            0  0  0  -1  2   0  1  0  1  18 
Mattias Ohlund           2  0  2   1  2   4  0  1  0  22 
Mike Commodore           0  0  0  -1  0   2  3  0  0  22 
Mikko Koivu              0  1  1   0  0   4  0  0  23 19 
Pavol Demitra            0  0  0  -1  0   1  4  0  1  22 
Ray Whitney              0  2  2   1  0   10 0  0  2  21 
Sergei Gonchar           0  1  1   0  0   2  0  0  0  25 
Shawn Bates              0  0  0   0  0   1  2  1  4  13 
Tom Kostopoulos          0  0  0   0  0   1  0  0  1  8  
Predators
Player Name              G  A  P  +/- PIM S  H  SB FO MP 
-----------------------------------------------------------
Alexandre Burrows        0  0  0   0  4   3  1  1  1  15 
Brad Boyes               0  0  0   0  0   1  2  0  1  14 
David Legwand            0  1  1   0  2   2  1  0  18 19 
Derek Morris             0  1  1   1  0   0  0  2  0  23 
Jeff Carter              0  0  0   0  2   0  0  1  22 14 
Marek Zidlicky           0  0  0   0  4   1  2  1  0  22 
Martin Erat              0  0  0   0  2   2  1  2  0  13 
Patrick Sharp            0  0  0   0  0   0  1  0  17 14 
Paul Kariya              1  0  1   0  2   3  0  0  0  16 
Ryan Suter               0  0  0   0  0   1  0  2  0  12 
Scott Hartnell           0  0  0   0  2   2  3  0  0  15 
Scottie Upshall          0  0  0   0  0   0  0  0  0  5  
Shea Weber               0  0  0  -1  2   1  2  4  0  25 
Steve Sullivan           0  0  0   0  0   3  3  0  6  21 
Todd Bertuzzi            0  0  0   0  0   0  3  0  1  15 
Tomas Kaberle            0  0  0   0  2   0  2  1  0  24 
Yanic Perreault          0  0  0   0  0   1  1  0  15 14 
Zbynek Michalek          0  0  0   0  2   0  2  0  0  16 

3 Stars

1 - Mattias Ohlund (CAR)
2 - Brent Sopel (CAR)
3 - Cam Ward (CAR)

Power Play

Hurricanes - 2 on 11 Attempt(s) - 18.18%
Predators - 0 on 3 Attempt(s) - 0.00%

Penalty Kill

Hurricanes - 3 on 3 Attempt(s) - 100.00% - Score 0 goal in Penalty Kill
Predators - 9 on 11 Attempt(s) - 81.82% - Score 0 goal in Penalty Kill

Game Notes

No Game Note

Finance

Level 1 -- Attendance: 5678 (94.64%) -- Ticket Income $454,240.00
Level 2 -- Attendance: 3721 (93.03%) -- Ticket Income $193,492.00
Level 3 -- Attendance: 1916 (90.66%) -- Ticket Income $57,480.00
Level 4 -- Attendance: 3355 (83.86%) -- Ticket Income $67,100.00
Luxury Box -- Attendance: 938 (93.78%) -- Ticket Income $126,630.00
Game was played at the Gaylord Entertainment Center
Total Attendance: 15608 (91.21%)
Total Ticket Income: $961,946.10
Other Income: $148,626.30
Total Income: $1,110,572.00


Play by Play

Period #1

0:01 of 1st period - Eric Staal wins face-off versus David Legwand in neutral zone.
0:24 of 1st period - Shot by Shea Weber.
0:24 of 1st period - Shot Misses the Net.
0:41 of 1st period - Minor Penalty to Paul Kariya for Hooking.
0:42 of 1st period - Mikko Koivu wins face-off versus Jeff Carter in neutral zone.
0:49 of 1st period - Shot by Erik Cole.
0:49 of 1st period - Shot Misses the Net.
1:10 of 1st period - Icing by Sergei Gonchar.
1:11 of 1st period - Patrick Sharp wins face-off versus Mikko Koivu in Hurricanes zone.
1:39 of 1st period - Off-side.
1:40 of 1st period - Eric Staal wins face-off versus Jeff Carter in neutral zone.
1:56 of 1st period - Icing by Eric Staal.
1:57 of 1st period - Eric Staal wins face-off versus Patrick Sharp in Hurricanes zone.
1:57 of 1st period - Eric Staal is hit by Steve Sullivan.
2:23 of 1st period - Minor Penalty to Alexandre Burrows for Tripping.
2:24 of 1st period - Steve Sullivan wins face-off versus Mikko Koivu in Predators zone.
3:19 of 1st period - Shot by Ladislav Nagy.
3:19 of 1st period - Deflect By Eric Staal.
3:19 of 1st period - Stopped by Chris Mason without a rebound.
3:20 of 1st period - Eric Staal wins face-off versus Jeff Carter in Predators zone.
4:26 of 1st period - Chris Gratton is hit by Zbynek Michalek and loses puck.
4:38 of 1st period - Minor Penalty to Zbynek Michalek for Tripping.
4:39 of 1st period - Mikko Koivu wins face-off versus Jeff Carter in Predators zone.
4:39 of 1st period - Ray Whitney is hit by Marek Zidlicky and loses puck.
4:42 of 1st period - Shot by Mikko Koivu.
4:42 of 1st period - Deflect By Erik Cole.
4:42 of 1st period - Shot Misses the Net.
4:58 of 1st period - Shot by Erik Cole.
4:58 of 1st period - Shot Misses the Net.
5:00 of 1st period - Shot by Ray Whitney.
5:00 of 1st period - Deflect By Mikko Koivu.
5:00 of 1st period - Shot Misses the Net.
5:02 of 1st period - Shot by Mikko Koivu.
5:02 of 1st period - Stopped by Chris Mason without a rebound.
5:03 of 1st period - Eric Staal wins face-off versus Patrick Sharp in Predators zone.
5:06 of 1st period - Shot by Pavol Demitra.
5:06 of 1st period - Shot Misses the Net.
5:08 of 1st period - Shot by Sergei Gonchar.
5:08 of 1st period - Stopped by Chris Mason without a rebound.
5:09 of 1st period - Patrick Sharp wins face-off versus Eric Staal in Predators zone.
5:34 of 1st period - Shot by Pavol Demitra.
5:34 of 1st period - Shot Blocked by Tomas Kaberle.
6:48 of 1st period - Shawn Bates is hit by Yanic Perreault and loses puck.
6:54 of 1st period - Icing by Martin Erat.
6:55 of 1st period - Brendan Morrison wins face-off versus Yanic Perreault in Predators zone.
7:14 of 1st period - Shot by Martin Erat.
7:14 of 1st period - Shot Misses the Net.
7:16 of 1st period - Shot by Martin Erat.
7:16 of 1st period - Stopped by Cam Ward with a rebound.
7:18 of 1st period - Shot by Ryan Suter.
7:18 of 1st period - Stopped by Cam Ward with a rebound.
7:20 of 1st period - Shot by Martin Erat.
7:20 of 1st period - Stopped by Cam Ward without a rebound.
7:21 of 1st period - David Legwand wins face-off versus Eric Belanger in Hurricanes zone.
7:33 of 1st period - Minor Penalty to David Legwand for Hooking.
7:34 of 1st period - Eric Staal wins face-off versus Jeff Carter in Hurricanes zone.
8:06 of 1st period - Eric Staal is hit by Marek Zidlicky and loses puck.
8:07 of 1st period - Minor Penalty to Alexandre Burrows for High sticking.
8:08 of 1st period - Eric Staal wins face-off versus Patrick Sharp in Predators zone.
8:12 of 1st period - Pavol Demitra is hit by Tomas Kaberle and loses puck.
8:15 of 1st period - Shot by Pavol Demitra.
8:15 of 1st period - Deflect By Eric Staal.
8:15 of 1st period - Stopped by Chris Mason without a rebound.
8:16 of 1st period - Mikko Koivu wins face-off versus Patrick Sharp in Predators zone.
8:31 of 1st period - Shot by Erik Cole.
8:31 of 1st period - Stopped by Chris Mason with a rebound.
8:33 of 1st period - Shot by Mikko Koivu.
8:33 of 1st period - Stopped by Chris Mason without a rebound.
8:34 of 1st period - Eric Staal wins face-off versus Steve Sullivan in Predators zone.
9:17 of 1st period - Patrick Sharp is hit by Brent Sopel and loses puck.
10:49 of 1st period - Martin Erat is hit by Aaron Ward and loses puck.
11:00 of 1st period - Yanic Perreault is hit by Shawn Bates and loses puck.
11:12 of 1st period - Off-side.
11:13 of 1st period - David Legwand wins face-off versus Eric Belanger in neutral zone.
11:37 of 1st period - David Legwand is hit by Mike Commodore and loses puck.
11:40 of 1st period - Shot by Shea Weber.
11:40 of 1st period - Shot Misses the Net.
12:21 of 1st period - Icing by Mike Commodore.
12:22 of 1st period - Eric Belanger wins face-off versus Patrick Sharp in Hurricanes zone.
12:47 of 1st period - Cory Stillman is hit by Shea Weber and loses puck.
12:55 of 1st period - Minor Penalty to Shea Weber for Hooking.
12:56 of 1st period - Eric Staal wins face-off versus Jeff Carter in Predators zone.
13:14 of 1st period - Minor Penalty to Marek Zidlicky for Interference.
13:15 of 1st period - Mikko Koivu wins face-off versus Steve Sullivan in Predators zone.
14:02 of 1st period - Minor Penalty to Ladislav Nagy for Holding.
14:03 of 1st period - Patrick Sharp wins face-off versus Eric Staal in neutral zone.
14:38 of 1st period - Shot by Pavol Demitra.
14:38 of 1st period - Stopped by Chris Mason with a rebound.
14:40 of 1st period - Shot by Pavol Demitra.
14:40 of 1st period - Shot Blocked by Alexandre Burrows.
15:08 of 1st period - Shot by Ray Whitney.
15:08 of 1st period - Stopped by Chris Mason without a rebound.
15:09 of 1st period - Eric Staal wins face-off versus Jeff Carter in Predators zone.
15:12 of 1st period - Shot by Mattias Ohlund.
15:12 of 1st period - Shot Misses the Net.
15:29 of 1st period - Shot by Marek Zidlicky.
15:29 of 1st period - Stopped by Cam Ward without a rebound.
15:30 of 1st period - David Legwand wins face-off versus Mikko Koivu in Hurricanes zone.
15:58 of 1st period - Shot by Scott Hartnell.
15:58 of 1st period - Stopped by Cam Ward with a rebound.
16:21 of 1st period - Icing by Ryan Suter.
16:22 of 1st period - Brendan Morrison wins face-off versus Yanic Perreault in Predators zone.
16:23 of 1st period - Shot by Chris Gratton.
16:23 of 1st period - Deflect By Brendan Morrison.
16:23 of 1st period - Stopped by Chris Mason without a rebound.
16:24 of 1st period - Brad Boyes wins face-off versus Eric Staal in Predators zone.
16:24 of 1st period - Brad Boyes is hit by Eric Staal.
16:36 of 1st period - Shot by Steve Sullivan.
16:36 of 1st period - Stopped by Cam Ward without a rebound.
16:37 of 1st period - Chris Gratton wins face-off versus Yanic Perreault in Hurricanes zone.
16:37 of 1st period - Shawn Bates is hit by Todd Bertuzzi and loses puck.
17:35 of 1st period - Icing by Shea Weber.
17:36 of 1st period - David Legwand wins face-off versus Eric Staal in Predators zone.
17:36 of 1st period - David Legwand is hit by Mike Commodore.
18:01 of 1st period - Eric Staal is hit by Scott Hartnell and loses puck.
18:26 of 1st period - Scott Hartnell is hit by Pavol Demitra and loses puck.
18:54 of 1st period - Minor Penalty to Marek Zidlicky for Hooking.
18:55 of 1st period - Mikko Koivu wins face-off versus Jeff Carter in Predators zone.
19:53 of 1st period - Shot by Pavol Demitra.
19:53 of 1st period - Shot Misses the Net.

Period #2

0:01 of 2nd period - Eric Staal wins face-off versus Patrick Sharp in neutral zone.
0:04 of 2nd period - Shot by Mattias Ohlund.
0:04 of 2nd period - Shot Blocked by Shea Weber.
0:11 of 2nd period - Pavol Demitra is hit by Patrick Sharp and loses puck.
0:14 of 2nd period - Shot by Mattias Ohlund.
0:14 of 2nd period - Shot Misses the Net.
0:16 of 2nd period - Shot by Mattias Ohlund.
0:16 of 2nd period - Shot Misses the Net.
0:18 of 2nd period - Shot by Sergei Gonchar.
0:18 of 2nd period - Stopped by Chris Mason without a rebound.
0:19 of 2nd period - Mikko Koivu wins face-off versus Jeff Carter in Predators zone.
0:20 of 2nd period - Shot by Erik Cole.
0:20 of 2nd period - Deflect By Ray Whitney.
0:20 of 2nd period - Stopped by Chris Mason with a rebound.
0:31 of 2nd period - Sergei Gonchar is hit by Tomas Kaberle and loses puck.
0:43 of 2nd period - Icing by Sergei Gonchar.
0:44 of 2nd period - Mikko Koivu wins face-off versus Jeff Carter in Hurricanes zone.
0:57 of 2nd period - Shot by Chris Gratton.
0:57 of 2nd period - Stopped by Chris Mason without a rebound.
0:58 of 2nd period - Brendan Morrison wins face-off versus Yanic Perreault in Predators zone.
1:03 of 2nd period - Shot by Chris Gratton.
1:03 of 2nd period - Shot Misses the Net.
1:06 of 2nd period - Icing by Ryan Suter.
1:07 of 2nd period - Brendan Morrison wins face-off versus Yanic Perreault in Predators zone.
1:59 of 2nd period - Shot by Scott Hartnell.
1:59 of 2nd period - Stopped by Cam Ward without a rebound.
2:00 of 2nd period - Eric Staal wins face-off versus Jeff Carter in Hurricanes zone.
2:14 of 2nd period - Icing by Marek Zidlicky.
2:15 of 2nd period - Jeff Carter wins face-off versus Ray Whitney in Predators zone.
2:20 of 2nd period - Mattias Ohlund is hit by Brad Boyes and loses puck.
3:01 of 2nd period - Shot by Mikko Koivu.
3:01 of 2nd period - Shot Misses the Net.
3:25 of 2nd period - Shot by David Legwand.
3:25 of 2nd period - Shot Misses the Net.
4:23 of 2nd period - Shot by Yanic Perreault.
4:23 of 2nd period - Stopped by Cam Ward without a rebound.
4:24 of 2nd period - Brendan Morrison wins face-off versus Yanic Perreault in Hurricanes zone.
4:24 of 2nd period - Brendan Morrison is hit by Martin Erat.
4:48 of 2nd period - Shot by Shawn Bates.
4:48 of 2nd period - Deflect By Brendan Morrison.
4:48 of 2nd period - Stopped by Chris Mason without a rebound.
4:49 of 2nd period - Jeff Carter wins face-off versus Eric Staal in Predators zone.
5:09 of 2nd period - Shot by Eric Staal.
5:09 of 2nd period - Shot Misses the Net.
5:13 of 2nd period - Shot by Ladislav Nagy.
5:13 of 2nd period - Shot Blocked by Marek Zidlicky.
5:51 of 2nd period - Shot by Scottie Upshall.
5:51 of 2nd period - Shot Misses the Net.
5:53 of 2nd period - Shot by Patrick Sharp.
5:53 of 2nd period - Shot Blocked by Shawn Bates.
5:55 of 2nd period - Shot by Shea Weber.
5:55 of 2nd period - Stopped by Cam Ward without a rebound.
5:56 of 2nd period - Brendan Morrison wins face-off versus Yanic Perreault in Hurricanes zone.
6:33 of 2nd period - Icing by Martin Erat.
6:34 of 2nd period - Cory Stillman wins face-off versus Yanic Perreault in Predators zone.
6:39 of 2nd period - Shot by Eric Belanger.
6:39 of 2nd period - Shot Blocked by Martin Erat.
6:43 of 2nd period - Shot by Cory Stillman.
6:43 of 2nd period - Shot Misses the Net.
6:45 of 2nd period - Shot by Sergei Gonchar.
6:45 of 2nd period - Shot Blocked by Ryan Suter.
6:49 of 2nd period - Shot by Eric Belanger.
6:49 of 2nd period - Shot Misses the Net.
6:51 of 2nd period - Shot by Eric Belanger.
6:51 of 2nd period - Shot Blocked by Ryan Suter.
6:55 of 2nd period - Shot by Tom Kostopoulos.
6:55 of 2nd period - Stopped by Chris Mason without a rebound.
6:56 of 2nd period - David Legwand wins face-off versus Ladislav Nagy in Predators zone.
7:09 of 2nd period - Shot by Paul Kariya.
7:09 of 2nd period - Stopped by Cam Ward without a rebound.
7:10 of 2nd period - Mikko Koivu wins face-off versus Jeff Carter in Hurricanes zone.
7:14 of 2nd period - Off-side.
7:15 of 2nd period - Jeff Carter wins face-off versus Brendan Morrison in neutral zone.
8:37 of 2nd period - Minor Penalty to Mattias Ohlund for Hooking.
8:38 of 2nd period - David Legwand wins face-off versus Mikko Koivu in Hurricanes zone.
8:41 of 2nd period - Shot by Shea Weber.
8:41 of 2nd period - Shot Hit the Post.
9:21 of 2nd period - Icing by Steve Sullivan.
9:22 of 2nd period - Mikko Koivu wins face-off versus Steve Sullivan in Predators zone.
10:32 of 2nd period - Minor Penalty to Eric Belanger for High sticking.
10:33 of 2nd period - Erik Cole wins face-off versus David Legwand in Hurricanes zone.
10:42 of 2nd period - Scott Hartnell is hit by Pavol Demitra and loses puck.
11:12 of 2nd period - Yanic Perreault is hit by Mike Commodore and loses puck.
11:33 of 2nd period - Shot by Scottie Upshall.
11:33 of 2nd period - Shot Blocked by Mattias Ohlund.
11:37 of 2nd period - Shot by Alexandre Burrows.
11:37 of 2nd period - Shot Misses the Net.
11:39 of 2nd period - Shot by Alexandre Burrows.
11:39 of 2nd period - Stopped by Cam Ward with a rebound.
11:41 of 2nd period - Shot by Scottie Upshall.
11:41 of 2nd period - Deflect By Yanic Perreault.
11:41 of 2nd period - Shot Misses the Net.
12:40 of 2nd period - Shot by Cory Stillman.
12:40 of 2nd period - Stopped by Chris Mason with a rebound.
12:44 of 2nd period - Shot by Mike Commodore.
12:44 of 2nd period - Stopped by Chris Mason without a rebound.
12:45 of 2nd period - Yanic Perreault wins face-off versus Mikko Koivu in Predators zone.
12:52 of 2nd period - Brent Sopel is hit by Todd Bertuzzi and loses puck.
13:09 of 2nd period - Shot by Ray Whitney.
13:09 of 2nd period - Stopped by Chris Mason without a rebound.
13:10 of 2nd period - Patrick Sharp wins face-off versus Eric Belanger in Predators zone.
13:22 of 2nd period - Tomas Kaberle is hit by Cory Stillman and loses puck.
13:25 of 2nd period - Shot by Alexandre Burrows.
13:25 of 2nd period - Shot Misses the Net.
14:14 of 2nd period - Icing by Aaron Ward.
14:15 of 2nd period - Brendan Morrison wins face-off versus Jeff Carter in Hurricanes zone.
14:29 of 2nd period - Shot by Brendan Morrison.
14:29 of 2nd period - Shot Misses the Net.
14:31 of 2nd period - Shot by Aaron Ward.
14:31 of 2nd period - Shot Blocked by Jeff Carter.
15:43 of 2nd period - Shot by Mike Commodore.
15:43 of 2nd period - Stopped by Chris Mason without a rebound.
15:44 of 2nd period - Brendan Morrison wins face-off versus Yanic Perreault in Predators zone.
16:40 of 2nd period - Eric Belanger is hit by David Legwand and loses puck.
16:47 of 2nd period - Shot by Cory Stillman.
16:47 of 2nd period - Shot Blocked by Shea Weber.
16:49 of 2nd period - Shot by Eric Belanger.
16:49 of 2nd period - Shot Blocked by Shea Weber.
16:53 of 2nd period - Shot by Eric Belanger.
16:53 of 2nd period - Stopped by Chris Mason with a rebound.
16:55 of 2nd period - Shot by Tom Kostopoulos.
16:55 of 2nd period - Shot Misses the Net.
17:13 of 2nd period - Shot by Ray Whitney.
17:13 of 2nd period - Shot Blocked by Shea Weber.
17:15 of 2nd period - Shot by Mattias Ohlund.
17:15 of 2nd period - Shot Misses the Net.
17:17 of 2nd period - Shot by Mattias Ohlund.
17:17 of 2nd period - Goal by Mattias Ohlund - Hurricanes : 1 - Predators : 0.
17:18 of 2nd period - Patrick Sharp wins face-off versus Mikko Koivu in neutral zone.
17:44 of 2nd period - Shot by Mattias Ohlund.
17:44 of 2nd period - Shot Blocked by Derek Morris.
17:47 of 2nd period - Icing by Derek Morris.
17:48 of 2nd period - Alexandre Burrows wins face-off versus Shawn Bates in Predators zone.
18:20 of 2nd period - Minor Penalty to Martin Erat for Hooking.
18:20 of 2nd period - Minor Penalty to Aaron Ward for Tripping.
18:21 of 2nd period - Eric Staal wins face-off versus David Legwand in Predators zone.
18:32 of 2nd period - Shot by David Legwand.
18:32 of 2nd period - Deflect By Steve Sullivan.
18:32 of 2nd period - Shot Misses the Net.
18:38 of 2nd period - Shot by David Legwand.
18:38 of 2nd period - Shot Misses the Net.
19:45 of 2nd period - Shot by Steve Sullivan.
19:45 of 2nd period - Stopped by Cam Ward with a rebound.
19:55 of 2nd period - Shot by Mikko Koivu.
19:55 of 2nd period - Deflect By Ray Whitney.
19:55 of 2nd period - Stopped by Chris Mason with a rebound.

Period #3

0:01 of 3rd period - Eric Staal wins face-off versus David Legwand in neutral zone.
0:01 of 3rd period - Pavol Demitra is hit by Steve Sullivan and loses puck.
0:05 of 3rd period - Mattias Ohlund is hit by Shea Weber and loses puck.
1:44 of 3rd period - Shot by Erik Cole.
1:44 of 3rd period - Shot Blocked by Derek Morris.
1:48 of 3rd period - Shot by Ray Whitney.
1:48 of 3rd period - Stopped by Chris Mason with a rebound.
1:52 of 3rd period - Shot by Ray Whitney.
1:52 of 3rd period - Stopped by Chris Mason without a rebound.
1:53 of 3rd period - David Legwand wins face-off versus Brendan Morrison in Predators zone.
2:33 of 3rd period - Off-side.
2:34 of 3rd period - Eric Staal wins face-off versus Steve Sullivan in neutral zone.
2:34 of 3rd period - Eric Staal is hit by Brad Boyes.
2:42 of 3rd period - Shot by Pavol Demitra.
2:42 of 3rd period - Shot Misses the Net.
2:58 of 3rd period - Shot by Steve Sullivan.
2:58 of 3rd period - Stopped by Cam Ward without a rebound.
2:59 of 3rd period - Erik Cole wins face-off versus Todd Bertuzzi in Hurricanes zone.
3:12 of 3rd period - Shot by Erik Cole.
3:12 of 3rd period - Shot Misses the Net.
4:14 of 3rd period - Shot by Eric Staal.
4:14 of 3rd period - Stopped by Chris Mason with a rebound.
4:25 of 3rd period - Icing by Derek Morris.
4:26 of 3rd period - David Legwand wins face-off versus Tom Kostopoulos in Predators zone.
4:39 of 3rd period - Shot by Steve Sullivan.
4:39 of 3rd period - Deflect By Brad Boyes.
4:39 of 3rd period - Stopped by Cam Ward without a rebound.
4:40 of 3rd period - Eric Belanger wins face-off versus Steve Sullivan in Hurricanes zone.
5:17 of 3rd period - Shot by Cory Stillman.
5:17 of 3rd period - Stopped by Chris Mason with a rebound.
5:28 of 3rd period - Paul Kariya is hit by Pavol Demitra and loses puck.
6:21 of 3rd period - Ray Whitney is hit by Alexandre Burrows and loses puck.
6:47 of 3rd period - Icing by Derek Morris.
6:48 of 3rd period - David Legwand wins face-off versus Brendan Morrison in Predators zone.
7:10 of 3rd period - Cory Stillman is hit by Scott Hartnell and loses puck.
7:20 of 3rd period - Icing by Shea Weber.
7:21 of 3rd period - David Legwand wins face-off versus Eric Staal in Predators zone.
7:43 of 3rd period - Shot by Steve Sullivan.
7:43 of 3rd period - Shot Misses the Net.
8:15 of 3rd period - Shot by Alexandre Burrows.
8:15 of 3rd period - Stopped by Cam Ward without a rebound.
8:16 of 3rd period - Erik Cole wins face-off versus Patrick Sharp in Hurricanes zone.
9:16 of 3rd period - David Legwand is hit by Chris Gratton and loses puck.
9:57 of 3rd period - Shot by Scottie Upshall.
9:57 of 3rd period - Shot Misses the Net.
10:01 of 3rd period - Shot by Paul Kariya.
10:01 of 3rd period - Stopped by Cam Ward with a rebound.
10:05 of 3rd period - Shot by Paul Kariya.
10:05 of 3rd period - Shot Blocked by Eric Staal.
10:14 of 3rd period - Minor Penalty to Tomas Kaberle for Tripping.
10:15 of 3rd period - Mikko Koivu wins face-off versus Jeff Carter in Hurricanes zone.
10:22 of 3rd period - Shot by Ray Whitney.
10:22 of 3rd period - Stopped by Chris Mason without a rebound.
10:23 of 3rd period - Jeff Carter wins face-off versus Mikko Koivu in Predators zone.
10:36 of 3rd period - Shot by Mikko Koivu.
10:36 of 3rd period - Stopped by Chris Mason without a rebound.
10:37 of 3rd period - Patrick Sharp wins face-off versus Mikko Koivu in Predators zone.
10:54 of 3rd period - Shot by Ray Whitney.
10:54 of 3rd period - Stopped by Chris Mason with a rebound.
11:34 of 3rd period - Shot by Mattias Ohlund.
11:34 of 3rd period - Stopped by Chris Mason without a rebound.
11:35 of 3rd period - Patrick Sharp wins face-off versus Ray Whitney in Predators zone.
11:49 of 3rd period - Shot by Ray Whitney.
11:49 of 3rd period - Shot Misses the Net.
11:51 of 3rd period - Shot by Mikko Koivu.
11:51 of 3rd period - Shot Misses the Net.
11:53 of 3rd period - Shot by Brent Sopel.
11:53 of 3rd period - Stopped by Chris Mason with a rebound.
11:57 of 3rd period - Shot by Erik Cole.
11:57 of 3rd period - Shot Misses the Net.
11:59 of 3rd period - Shot by Mikko Koivu.
11:59 of 3rd period - Deflect By Ray Whitney.
11:59 of 3rd period - Stopped by Chris Mason with a rebound.
12:01 of 3rd period - Shot by Ray Whitney.
12:01 of 3rd period - Stopped by Chris Mason with a rebound.
12:03 of 3rd period - Shot by Brent Sopel.
12:03 of 3rd period - Goal by Brent Sopel - Hurricanes : 2 - Predators : 0.
12:04 of 3rd period - David Legwand wins face-off versus Eric Staal in neutral zone.
12:13 of 3rd period - Shot by David Legwand.
12:13 of 3rd period - Stopped by Cam Ward without a rebound.
12:14 of 3rd period - David Legwand wins face-off versus Mikko Koivu in Hurricanes zone.
12:23 of 3rd period - Shot by Paul Kariya.
12:23 of 3rd period - Goal by Paul Kariya - Hurricanes : 2 - Predators : 1.
12:24 of 3rd period - Shawn Bates wins face-off versus Yanic Perreault in neutral zone.
12:24 of 3rd period - Shawn Bates is hit by Todd Bertuzzi.
12:45 of 3rd period - Yanic Perreault is hit by Brendan Morrison and loses puck.
12:53 of 3rd period - Icing by Aaron Miller.
12:54 of 3rd period - Jeff Carter wins face-off versus Shawn Bates in Hurricanes zone.
12:54 of 3rd period - Steve Sullivan is hit by Aaron Ward and loses puck.
12:56 of 3rd period - Minor Penalty to Jeff Carter for Holding.
12:57 of 3rd period - Eric Staal wins face-off versus Patrick Sharp in Hurricanes zone.
13:11 of 3rd period - Off-side.
13:12 of 3rd period - Patrick Sharp wins face-off versus Mikko Koivu in neutral zone.
14:01 of 3rd period - David Legwand is hit by Ladislav Nagy and loses puck.
14:35 of 3rd period - Shot by Alexandre Burrows.
14:35 of 3rd period - Stopped by Cam Ward without a rebound.
14:36 of 3rd period - Patrick Sharp wins face-off versus Mikko Koivu in Hurricanes zone.
14:58 of 3rd period - Shot by Ray Whitney.
14:58 of 3rd period - Shot Blocked by Martin Erat.
15:00 of 3rd period - Shot by Chris Gratton.
15:00 of 3rd period - Stopped by Chris Mason without a rebound.
15:01 of 3rd period - Yanic Perreault wins face-off versus Brendan Morrison in Predators zone.
15:01 of 3rd period - Yanic Perreault is hit by Shawn Bates.
15:14 of 3rd period - Brendan Morrison is hit by Zbynek Michalek and loses puck.
15:28 of 3rd period - Icing by Aaron Miller.
15:29 of 3rd period - Brendan Morrison wins face-off versus David Legwand in Hurricanes zone.
15:29 of 3rd period - Minor Penalty to Scott Hartnell for Roughing.
15:30 of 3rd period - Jeff Carter wins face-off versus Eric Staal in Hurricanes zone.
15:49 of 3rd period - Shot by Mattias Ohlund.
15:49 of 3rd period - Stopped by Chris Mason with a rebound.
15:51 of 3rd period - Shot by Sergei Gonchar.
15:51 of 3rd period - Shot Misses the Net.
15:53 of 3rd period - Shot by Sergei Gonchar.
15:53 of 3rd period - Shot Misses the Net.
15:57 of 3rd period - Shot by Mattias Ohlund.
15:57 of 3rd period - Goal by Mattias Ohlund - Hurricanes : 3 - Predators : 1.
15:58 of 3rd period - Yanic Perreault wins face-off versus Shawn Bates in neutral zone.
16:56 of 3rd period - Ray Whitney is hit by Steve Sullivan and loses puck.
17:01 of 3rd period - Shot by Erik Cole.
17:01 of 3rd period - Shot Misses the Net.
17:03 of 3rd period - Shot by Erik Cole.
17:03 of 3rd period - Shot Misses the Net.
17:05 of 3rd period - Shot by Mikko Koivu.
17:05 of 3rd period - Stopped by Chris Mason without a rebound.
17:06 of 3rd period - Pavol Demitra wins face-off versus David Legwand in Predators zone.
17:25 of 3rd period - Shot by Scott Hartnell.
17:25 of 3rd period - Deflect By David Legwand.
17:25 of 3rd period - Stopped by Cam Ward without a rebound.
17:26 of 3rd period - Jeff Carter wins face-off versus Mikko Koivu in Hurricanes zone.
17:26 of 3rd period - Steve Sullivan is hit by Brent Sopel and loses puck.
18:45 of 3rd period - Shot by David Legwand.
18:45 of 3rd period - Shot Misses the Net.
18:52 of 3rd period - Pavol Demitra is hit by Scott Hartnell and loses puck.
19:08 of 3rd period - Tomas Kaberle is hit by Pavol Demitra and loses puck.
19:32 of 3rd period - Icing by Yanic Perreault.
19:33 of 3rd period - Brendan Morrison wins face-off versus Yanic Perreault in Predators zone.
19:42 of 3rd period - Shot by Shawn Bates.
19:42 of 3rd period - Stopped by Chris Mason without a rebound.
19:43 of 3rd period - Brendan Morrison wins face-off versus Jeff Carter in Predators zone.
19:56 of 3rd period - Shot by Shawn Bates.
19:56 of 3rd period - Shot Misses the Net.
19:58 of 3rd period - Shot by Brendan Morrison.
19:58 of 3rd period - Stopped by Chris Mason without a rebound.
19:59 of 3rd period - Mikko Koivu wins face-off versus Yanic Perreault in Predators zone.


Output by the SimonT Hockey Simulator (STHS) for Stephane Roy -- Original Page W3C XHTML 1.0 Valid